 Dungeon Crawl Stone Soup version 0.20.0-4-g10b340a (webtiles) character file.

8213 MDvedh the Cleaver (level 11, -1/72 HPs)
             Began as a Demonspawn Gladiator on May 27, 2017.
             Was a Priest of Qazlal.
             Slain by Grum
             ... wielding a -1 spear
              (10 damage)
             ... on level 11 of the Dungeon.
             The game lasted 00:17:52 (8180 turns).

MDvedh the Cleaver (Demonspawn Gladiator)           Turns: 8180, Time: 00:17:53

Health: -1/72      AC: 16    Str: 20    XL:     11   Next: 7%
Magic:  10/15      EV:  9    Int: 10    God:    Qazlal [***...]
Gold:   305        SH:  4    Dex: 14    Spells: 10/10 levels left

rFire    . . .     SeeInvis .   A - +0 battleaxe (elec)
rCold    . . .     Gourm    .   (shield currently unavailable)
rNeg     . . .     Faith    .   P - +0 chain mail
rPois    .         Spirit   .   N - +2 hat
rElec    .         Reflect  .   k - +0 cloak
rCorr    .         Harm     .   n - +0 pair of gloves
MR       .....     Clarity  +   (no boots)
Stlth    ..........             (no amulet)
Regen    0.3/turn               l - +2 ring of strength (curse)
MPRegen  0.2/turn               (no ring)

@: lethally poisoned (-1 -> -35), hasted, very quick
A: talons 1, iridescent scales 1, clarity, demonic guardian 1, powered by pain 3
a: Upheaval, Elemental Force, Renounce Religion


You were on level 11 of the Dungeon.
You worshipped Qazlal.
Qazlal was most pleased with you.
You were not hungry.

You visited 2 branches of the dungeon, and saw 10 of its levels.
You also visited: Sewer.

You collected 305 gold pieces.

Inventory:

Hand Weapons
 a - a +1 war axe
 A - a +0 battleaxe of electrocution (weapon)
Missiles
 d - 5 throwing nets (quivered)
Armour
 b - a +0 leather armour
 c - a +1 helmet
 e - a +1 buckler of protection
 k - a +0 cloak (worn)
 n - a +0 pair of gloves (worn)
 N - a +2 hat (worn)
 P - a +0 chain mail (worn)
Jewellery
 i - an uncursed ring of ice
 l - a cursed +2 ring of strength (left hand)
 t - an uncursed ring of stealth
Wands
 u - a wand of flame (19/48)
 y - a wand of random effects (20/48)
 B - a wand of flame (1/48)
 F - a wand of random effects (24/48)
 G - a wand of digging (16/24)
 I - a wand of iceblast (2/15)
 J - a wand of enslavement (9/24)
 L - a wand of flame (22/48)
Scrolls
 s - a scroll of teleportation
 v - 9 scrolls of remove curse
 x - a scroll of enchant armour
 z - 4 scrolls of identify
 E - a scroll of amnesia
Potions
 h - 7 potions of brilliance
 m - a potion of berserk rage {unknown}
 p - 4 potions of flight
 r - a potion of magic
 C - 2 potions of mutation {unknown}
 H - a potion of cancellation {unknown}
 M - a potion of lignification {unknown}
Books
 O - a book of Frost

   Spells                             Type                      Level
   a - Freeze                         Ice                          1
   b - Throw Frost                    Conjuration/Ice              2
   c - Ozocubu's Armour               Charms/Ice                   3
   d - Throw Icicle                   Conjuration/Ice              4
   e - Summon Ice Beast               Ice/Summoning                4
Comestibles
 f - 4 bread rations
 j - 5 fruits
 o - 6 meat rations
 K - 4 royal jellies


   Skills:
 - Level 2.0 Fighting
 * Level 13.7 Axes
 - Level 1.7 Throwing
 - Level 5.1 Armour
 - Level 2.6 Dodging
 + Level 6.5 Invocations


You had 10 spell levels left.
You didn't know any spells.

Dungeon Overview and Level Annotations

Branches:
Dungeon (8/15)             Temple (1/1) D:4
   Lair: D:8-11

Altars:
Ashenzari
Cheibriados
Dithmenos
Elyvilon
Fedhas
Gozag
Hepliaklqana
Kikubaaqudgha
Makhleb
Nemelex Xobeh
Okawaru
Qazlal
Ru
Sif Muna
Trog
Uskayaw
Vehumet
Xom
Yredelemnul
Zin
The Shining One

Annotations:
D:11 Grum, Nergalle


Innate Abilities, Weirdness & Mutations

You have sharp toenails.
You are partially covered in iridescent scales. (AC +2)
A weak demonic guardian rushes to your aid.
You are powered by pain.
You possess an exceptional clarity of mind.


Message History

You block the spectral orc warrior's attack.
The spectral orc knight hits you but does no damage.
You slash Nergalle! Your kick misses Nergalle.
Nergalle is almost dead.
Your chain mail prevents you from hitting the spectral orc warrior.
You slash the spectral orc knight!
Lightning courses through the spectral orc knight!
You feel sick. Nergalle hits you but does no damage.
You are lethally poisoned!
The spectral orc warrior closely misses you.
The spectral orc knight is engulfed in freezing vapours.
The spectral orc knight hits you with a war axe.
* * * LOW HITPOINT WARNING * * *
Unknown command.
It was a potion of haste.
You feel yourself speed up.
* * * LOW HITPOINT WARNING * * *
You feel sick. Nergalle hits you but does no damage.
You are more poisoned.
Grum hits you from afar with a spear!
You die...

.........!........oZZ....
................o.Zh.Z...
...............##o####...
.....h.........#..)..#...
....#######.%..#.[)).#...
....#.....#.h..#o†...#...
### #.....#....'h....#...
#....§#....#.....#...
#...@.#...Y#.....# ..
#..ZZo##...#.....#...
#...hg.#.Y.#######...
#......#.............
#......#....)........
#......'.........$...
########.............
.................
.................


You could see Nergalle, a spectral orc warrior, a spectral orc knight, Grum and
a wolf.

Vanquished Creatures
  Gastronok (D:11)
  A two-headed ogre (D:8)
  The ghost of Nattefrost the Spear-Bearer, a novice MfGl of Okawaru (D:8)
  Pikel (D:5)
  A wyvern (D:11)
  Eustachio (D:5)
  5 wargs (D:11)
  Edmund (D:5)
  Duvessa (D:5)
  2 orc warriors
  A sky beast (D:7)
  2 slaves (D:5)
  5 phantoms
  A black bear (D:8)
  6 centaurs
  4 ogres
  A wolf (D:11)
  A big kobold (Sewer)
  2 bullfrogs
  Dowan (D:5)
  A wyvern skeleton (D:6)
  3 scorpions
  5 wights (D:7)
  3 howler monkeys
  2 centaur zombies
  3 crimson imps
  4 hounds
  A bullfrog skeleton (D:5)
  2 orc priests
  2 iguanas
  7 orc wizards
  5 worker ants
  7 gnolls
  10 adders
  2 river rats
  A shadow imp (D:6)
  An adder skeleton (D:4)
  3 worms
  4 leopard geckos
  32 orcs
  2 ball pythons
  6 bats
  8 giant cockroaches
  7 goblins
  6 hobgoblins
  14 jackals
  7 kobolds
  8 quokkas
  3 frilled lizards (D:2)
  A leopard gecko zombie (D:5)
  A quokka zombie (D:4)
  18 rats
218 creatures vanquished.

Vanquished Creatures (collateral kills)
  A troll (D:11)
  A warg (D:11)
  3 orcs (D:11)
5 creatures vanquished.

Vanquished Creatures (others)
  4 plants (D:11)
4 creatures vanquished.

Grand Total: 227 creatures vanquished

Notes
Turn   | Place    | Note
-------+----------+-------------------------------------------
     0 | D:1      | MDvedh the Demonspawn Gladiator began the quest for the Orb.
     0 | D:1      | Reached XP level 1. HP: 16/16 MP: 1/1
   110 | D:1      | Reached skill level 3 in Axes
   283 | D:1      | Gained mutation: You sometimes gain a little power by taking damage. [demonic ancestry]
   283 | D:1      | Reached XP level 2. HP: 21/22 MP: 2/2
   722 | D:2      | Found an ancient bone altar of Kikubaaqudgha.
   843 | D:2      | Gained mutation: You have sharp toenails. [demonic ancestry]
   843 | D:2      | Reached XP level 3. HP: 17/27 MP: 3/3
  1089 | D:2      | Reached skill level 4 in Axes
  1761 | D:2      | Gained mutation: You sometimes gain power by taking damage. [demonic ancestry]
  1761 | D:2      | Reached XP level 4. HP: 33/33 MP: 4/4
  2063 | D:3      | Noticed a centaur
  2074 | D:3      | Killed a centaur
  2074 | D:3      | Reached skill level 5 in Axes
  2074 | D:3      | Reached XP level 5. HP: 12/38 MP: 5/5
  2496 | D:3      | Reached skill level 6 in Axes
  3044 | D:4      | Gained mutation: You are partially covered in iridescent scales. (AC +2) [demonic ancestry]
  3044 | D:4      | Reached XP level 6. HP: 37/44 MP: 6/6
  3110 | D:4      | Found a staircase to the Ecumenical Temple.
  3136 | Temple   | Entered the Ecumenical Temple
  3161 | Temple   | Became a worshipper of Qazlal Stormbringer
  3360 | D:4      | Found a glowing golden altar of the Shining One.
  3797 | D:5      | Entered Level 5 of the Dungeon
  3812 | D:5      | Reached skill level 1 in Armour
  3859 | D:5      | Found a glowing drain.
  3872 | Sewer    | Entered a sewer
  3932 | Sewer    | Reached skill level 7 in Axes
  3936 | Sewer    | Reached * piety under Qazlal
  3951 | Sewer    | Reached XP level 7. HP: 48/50 MP: 7/7
  3968 | Sewer    | Found a glowing silver altar of Zin.
  4169 | D:5      | Found a deep blue altar of Sif Muna.
  4369 | D:5      | Noticed Eustachio
  4379 | D:5      | Killed Eustachio
  4531 | D:5      | Noticed Duvessa
  4533 | D:5      | Noticed Dowan
  4556 | D:5      | Killed Duvessa
  4556 | D:5      | Reached skill level 8 in Axes
  4563 | D:5      | Killed Dowan
  4607 | D:5      | Reached XP level 8. HP: 33/56 MP: 8/8
  4770 | D:5      | Noticed Edmund
  4775 | D:5      | Noticed Pikel
  4801 | D:5      | Killed Pikel
  4801 | D:5      | Reached skill level 9 in Axes
  4812 | D:5      | Killed Edmund
  5250 | D:6      | Reached skill level 5 in Armour
  5250 | D:6      | Gained mutation: A weak demonic guardian rushes to your aid. [demonic ancestry]
  5250 | D:6      | Reached XP level 9. HP: 43/61 MP: 9/9
  5312 | D:6      | Reached skill level 10 in Axes
  5461 | D:6      | Reached ** piety under Qazlal
  5734 | D:6      | Found a burning altar of Makhleb.
  5735 | D:6      | Found a radiant altar of Vehumet.
  5921 | D:7      | Gained mutation: You possess an exceptional clarity of mind. [mutagenic meat]
  6087 | D:7      | Reached skill level 11 in Axes
  6948 | D:8      | Noticed Nattefrost's ghost (novice MfGl)
  6988 | D:8      | Killed Nattefrost's ghost
  6988 | D:8      | Reached skill level 12 in Axes
  6988 | D:8      | Gained mutation: You are powered by pain. [demonic ancestry]
  6988 | D:8      | Reached XP level 10. HP: 22/67 MP: 10/10
  7323 | D:8      | Reached *** piety under Qazlal
  7458 | D:8      | Noticed a two-headed ogre
  7462 | D:8      | Killed a two-headed ogre
  7502 | D:8      | You fall through a shaft for 3 floors!
  7505 | D:11     | Noticed Gastronok
  7527 | D:11     | Noticed Nergalle
  7573 | D:11     | Noticed a cyclops
  7605 | D:11     | HP: 3/67 [warg (12)]
  7987 | D:11     | Killed Gastronok
  7987 | D:11     | Reached skill level 13 in Axes
  7987 | D:11     | Reached skill level 5 in Invocations
  8053 | D:11     | Reached XP level 11. HP: 16/72 MP: 15/15
  8175 | D:11     | Noticed Grum
  8180 | D:11     | Slain by Grum

Skill      XL: |  1  2  3  4  5  6  7  8  9 10 |
---------------+-------------------------------+-----
Axes           | 3 4 5 6 7 8 9 12 13 | 13.7
Armour         | 1 3 5 |  5.1
Invocations    | 6 |  6.5
Fighting       | |  2.0
Throwing       | |  1.7
Dodging        | |  2.6

Action                   |  1- 3 |  4- 6 |  7- 9 | 10-12 || total
-------------------------+-------+-------+-------+-------++-------
Melee: War axe           |   107 |   177 |   206 |       ||   490
       Kick              |    11 |    23 |   102 |    37 ||   173
       Battleaxe         |       |       |   168 |   117 ||   285
Invok: Elemental Force   |       |       |       |     2 ||     2
Evoke: Wand              |       |       |       |     1 ||     1
  Use: Scroll            |     9 |     5 |     2 |     8 ||    24
       Potion            |     2 |       |     4 |     6 ||    12
 Stab: Confused          |       |       |     1 |       ||     1
       Distracted        |       |       |     2 |     2 ||     4
  Eat: Chunk             |     3 |     4 |     2 |       ||     9
       Meat ration       |       |     1 |       |       ||     1
       Fruit             |       |     1 |       |       ||     1
       Royal jelly       |       |       |     1 |       ||     1
       Bread ration      |       |       |     1 |     1 ||     2
Armor: Leather armour    |     3 |       |       |       ||     3
       Plate armour      |    64 |   119 |   253 |    13 ||   449
       Chain mail        |       |       |       |    52 ||    52
Dodge: Dodged            |    32 |    42 |   115 |    79 ||   268
Block: Buckler           |    24 |    33 |    36 |       ||    93
       Other             |       |       |    22 |    21 ||    43
